 Dungeon Crawl Stone Soup version 0.30.1-3-gfc49f6343a (webtiles) character file.

Game seed: 6084563618638721958

84 KyoPewz the Cudgeller (level 4, -3/44 HPs)
             Began as an Ogre Gladiator on Aug 1, 2023.
             Constricted to death by Natasha (6 damage)
             ... on level 2 of the Dungeon.
             The game lasted 00:03:32 (1424 turns).

KyoPewz the Cudgeller (Ogre Gladiator)              Turns: 1424, Time: 00:03:32

Health: -3/44      AC:  3    Str: 20    XL:     4   Next: 45%
Magic:  4/4        EV:  7    Int:  9    God:
Gold:   96         SH:  0    Dex: 10    Spells: 3/3 levels left

rFire   . . .        u - +2 dagger (flame)
rCold   . . .        (no shield)
rNeg    . . .        b - +0 robe
rPois   .            g - +0 hat
rElec   .            (no cloak)
rCorr   .            (gloves unavailable)
SInv    .            (boots unavailable)
Will    .....        (no amulet)
Stlth   +            (no ring)
HPRegen 0.27/turn    (no ring)
MPRegen 0.09/turn

%: no passive effects
@: grasped by roots, slowed, constricted, very slow
A: large, unfitting armour, tough skin 1
a: no special abilities


You were on level 2 of the Dungeon.
You visited 1 branch of the dungeon, and saw 2 of its levels.

You collected 96 gold pieces.

Inventory:

Hand Weapons
 a - a +0 flail
 u - a +2 dagger of flaming (weapon)
Missiles
 d - a throwing net (quivered)
 f - 16 stones
 q - 3 atropa-tipped darts
 v - 6 poisoned darts
Armour
 b - a +0 robe (worn)
 g - a +0 hat (worn)
Scrolls
 c - a scroll of fear {unknown}
 h - a scroll of brand weapon {unknown}
 j - 6 scrolls of identify {unknown}
 l - a scroll of enchant armour {unknown}
 r - 2 scrolls of poison {unknown}
 t - a scroll of enchant weapon {unknown}
 w - a scroll of silence {unknown}
 x - a scroll of teleportation {unknown}
Potions
 i - a potion of magic {unknown}
 k - a potion of resistance {unknown}
 m - a potion of flight {unknown}
 n - a potion of lignification {unknown}
 o - a potion of heal wounds {unknown}
 p - a potion of ambrosia {unknown}
 s - a potion of attraction {unknown}


   Skills:
 - Level 2.6 Fighting
 + Level 4.6 Maces & Flails
 - Level 2.0 Throwing
 - Level 2.6 Dodging


You had 3 spell levels left.
You didn't know any spells.
Your spell library contained the following spells:

 Spells                   Type           Power      Damage    Failure   Level
 Beastly Appendage        Tmut           0%         N/A       38%         1
 Kiss of Death            Conj/Necr      0%         2d5       38%         1
 Blink                    Tloc           0%         N/A       52%         2
 Lesser Beckoning         Tloc           0%         N/A       52%         2
 Momentum Strike          Conj/Tloc      0%         3d8       52%         2
 Sublimation of Blood     Necr           0%         N/A       52%         2
 Wereblood                Tmut           0%         N/A       52%         2
 Confusing Touch          Hex            0%         N/A       77%         3
 Spider Form              Tmut/Pois      0%         N/A       77%         3
 Dispel Undead            Necr           0%         3d6       99%         4
 Summon Hydra             Summ           0%         N/A       100%        7


Dungeon Overview and Level Annotations

Branches:
Dungeon (2/15)

Altars:
Zin

Shops:
D:1 *:

Annotations:
D:2 Natasha


Innate Abilities, Weirdness & Mutations

You are too large for most types of armour.
You have tough skin. (AC +1)


Message History

Natasha closely misses you. The grasping roots constrict you.
You take 4 damage, and have 36/44 hp.
You completely miss Natasha.
Natasha is moderately wounded.
Natasha stares at you and mumbles some strange words.
The magic dart hits you! The grasping roots constrict you.
The grasping roots release their grip on you.
You take 11 damage, and have 25/44 hp.
MASSIVE DAMAGE!!
You hit Natasha. You burn Natasha.
Natasha is moderately wounded.
Natasha claws you.
You take 4 damage, and have 21/44 hp.
Throw: large rock
Press: ? - help, Shift-Dir - straight line, f - Natasha
Aim: Natasha, carrying a wand of roots (6) (moderately wounded, 50% to hit)
You throw a large rock. The large rock closely misses Natasha.
Natasha mumbles some strange words.
You feel disoriented.
Natasha zaps a wand.
The roots erupt in riotous growth!
The grasping roots grab you!
Natasha is unaffected.
The grasping roots constrict you. Natasha claws you!
* * * LOW HITPOINT WARNING * * *
The grasping roots constrict you.
* * * LOW HITPOINT WARNING * * *
You take 17 damage, and have 4/44 hp.
MASSIVE DAMAGE!!
Throw: 3 throwing nets
Press: ? - help, Shift-Dir - straight line, f/p - Natasha
Aim: Natasha, carrying a wand of roots (5) (moderately wounded, 50% to hit)
You throw a throwing net.
The throwing net closely misses Natasha.
Natasha stares at you and mumbles some strange words.
You feel yourself slow down. The grasping roots constrict you.
* * * LOW HITPOINT WARNING * * *
You take 2 damage, and have 2/44 hp.
Throw: 2 throwing nets
Press: ? - help, Shift-Dir - straight line, f/p - Natasha
Aim: Natasha, carrying a wand of roots (5) (moderately wounded, 50% to hit)
You throw a throwing net. The throwing net barely misses Natasha.
Natasha barely misses you. The grasping roots constrict you.
You die...

*,* *,,,^,,,,,,*)* *,*
######..#,,,,,*,******
**,**###.......#******,,,,,,,
*,,,,,.....>...# *,,,,,,,
*******#.......# *.....,,
#.......# *.....,, #......(#
#####.....,, #.....h.#
#.........,,
****#@#####.........,,
#.....#.........,,
**#####..#....##..,,
*,....##'#.....'..,,
*.........######..,,
*.............#*,,,,
*##.......###.#*,,,,
#.......# #.#***** #.......#
#.##


You could see Natasha.

Vanquished Creatures
  Natasha (D:2)
  An adder (D:2)
  A worm (D:2)
  3 dart slugs
  3 bats
  6 endoplasms
  3 goblins
  2 hobgoblins (D:1)
  3 jackals (D:1)
  2 quokkas (D:2)
  6 ball pythons
  A frilled lizard (D:1)
  3 kobolds
  2 rats
37 creatures vanquished.

Notes
Turn   | Place    | Note
-------+----------+-------------------------------------------
     0 | D:1      | KyoPewz the Ogre Gladiator began the quest for the Orb.
     0 | D:1      | Reached XP level 1. HP: 22/22 MP: 1/1
    39 | D:1      | Reached skill level 3 in Maces & Flails
    59 | D:1      | Reached XP level 2. HP: 7/29 MP: 2/2
   164 | D:1      | Found Umot Jyl's General Store.
   341 | D:1      | Found Ekhlaha's Vocational Training.
   602 | D:2      | Reached XP level 3. HP: 36/36 MP: 3/3
   779 | D:2      | Reached skill level 4 in Maces & Flails
   983 | D:2      | Found a glowing silver altar of Zin.
   988 | D:2      | Noticed Natasha
  1014 | D:2      | Killed Natasha
  1015 | D:2      | Reached XP level 4. HP: 9/44 MP: 4/4
  1416 | D:2      | Noticed Natasha
  1423 | D:2      | HP: 2/44 [constriction (2)]
  1424 | D:2      | Constricted to death by Natasha

Illustrated notes

Levels and vault maps discovered:
D:1:      dpeg_arrival_tiny_d, layout_rooms, serial_shops, shop,
          nicolae_shop_vocational
D:2:      layout_basic, basic_altar, serial_bayou_pond_d, minmay_3d_cube,
          uniq_natasha

Skill      XL: |  1  2  3 |
---------------+----------+-----
Maces & Flails | 3 4 |  4.6
Fighting       | |  2.6
Throwing       | |  2.0
Dodging        | |  2.6

Action                     |  1- 3 |  4- 6 || total
---------------------------+-------+-------++-------
  Melee: Flail             |   110 |     6 ||   116
         Dagger            |       |    10 ||    10
  Throw: Large rock        |     2 |     1 ||     3
         Dart              |     1 |       ||     1
         Throwing net      |       |     2 ||     2
 Armour: Robe              |    36 |     3 ||    39
  Dodge: Dodged            |    77 |     6 ||    83
